 Dungeon Crawl Stone Soup version 0.31.0-32-g396128a36d (webtiles) character file.

Game seed: 9753275822370812733

1526 Hatchling the Changeling (level 8, -10/60 HPs)
             Began as an Octopode Shapeshifter on Mar 11, 2024.
             Was an Initiate of Gozag.
             Mangled by an orc warrior
             ... wielding a +0 glaive
              (14 damage)
             ... on level 5 of the Dungeon.
             The game lasted 00:09:26 (5871 turns).

Hatchling the Changeling (Octopode Shapeshifter)    Turns: 5871, Time: 00:09:27

Health: -10/60     AC:  1    Str: 13    XL:     8   Next: 85%
Magic:  8/8        EV: 17    Int: 15    God:    Gozag
Gold:   261        SH:  0    Dex: 11    Spells: 7/7 levels left

rFire   . . .        k - melded +2 whip (elec)
rCold   . . .        (shield currently unavailable)
rNeg    . . .        (helmet restricted)
rPois   .            (no amulet)
rElec   .            (no ring)
rCorr   .            (no ring)
SInv    .            (no ring)
Will    .....        (no ring)
Stlth   +            (no ring)
HPRegen 0.30/turn    (no ring)
MPRegen 0.11/turn    (no ring)
                     (no ring)

%: no passive effects
@: flux-form, glowing
A: glow, contaminating, almost no armour, amphibious, 8 rings, camouflage 1,
gelatinous body 1, (nimble swimmer 1), tentacles
a: Begin Untransformation, Renounce Religion, Potion Petition, Call Merchant,
Bribe Branch


You were on level 5 of the Dungeon.
You worshipped Gozag.
Gozag was aware of your devotion.
You were something dangerously unstable.
You visited 2 branches of the dungeon, and saw 6 of its levels.
You also visited: Sewer and Ossuary.

You collected 391 gold pieces.
You paid 130 gold pieces to Gozag.


Innate Abilities, Weirdness & Mutations

You are something dangerously unstable.
You glow with magical radiation, making you easy to see and hit.
Foes you strike become dangerously contaminated with magical radiation.
You are incapable of wielding weapons or throwing items.
You cannot wear most types of armour.
You are amphibious.
You can wear up to eight rings at the same time.
Your skin changes colour to match your surroundings (Stealth+).
Your rubbery body absorbs attacks. (AC +1, EV +1)
((You are camouflaged when in or above water. (Stealth+)))
You have tentacles for arms and can constrict up to eight enemies at once.


   Skills:
 + Level 7.0 Fighting
 + Level 2.2 Dodging
 + Level 5.1 Unarmed Combat
 - Level 7.0 Shapeshifting


You had 7 spell levels left.
You didn't know any spells.
Your spell library contained the following spells:

 Spells                   Type           Power      Damage    Failure   Level
 Apportation              Tloc           0%         N/A       26%         1
 Magic Dart               Conj           0%         1d3       26%         1
 Necrotise                Necr           0%         1d4       26%         1
 Sting                    Conj/Alch      0%         1d3       26%         1
 Summon Small Mammal      Summ           0%         N/A       26%         1
 Blink                    Tloc           0%         N/A       38%         2
 Call Imp                 Summ           0%         N/A       38%         2
 Ensorcelled Hibernation  Hex/Ice        0%         N/A       38%         2
 Sublimation of Blood     Necr           0%         N/A       38%         2
 Fugue of the Fallen      Necr           0%         N/A       63%         3
 Hailstorm                Conj/Ice       0%         3d5       63%         3
 Summon Ice Beast         Ice/Summ       0%         N/A       63%         3
 Anguish                  Hex/Necr       0%         N/A       95%         4
 Petrify                  Alch/Erth      0%         N/A       95%         4
 Alistair's Intoxication  Alch           0%         N/A       100%        5
 Borgnjor's Vile Clutch   Necr/Erth      0%         N/A       100%        5
 Irradiate                Conj/Alch      0%         3d11      100%        5
 Iskenderun's Battlesphe  Conj           0%         2d6       100%        5
 Bombard                  Conj/Erth      0%         9d1       100%        6
 Eringya's Noxious Bog    Alch           0%         4d6       100%        6
 Sculpt Simulacrum        Ice/Alch       0%         N/A       100%        6
 Spellforged Servitor     Conj/Summ      0%         N/A       100%        7

Inventory:

Hand Weapons
 k - a +2 whip of electrocution (melded)
Jewellery
 C - a ring of ice
Talismans
 b - a beast talisman
 c - a flux talisman (active)
Wands
 z - a wand of polymorph (5)
 A - a wand of quicksilver (9)
Scrolls
 e - 3 scrolls of blinking {unknown}
 g - a scroll of teleportation {unknown}
 h - 4 scrolls of amnesia {unknown}
 i - 3 scrolls of enchant weapon {unknown}
 o - a scroll of vulnerability {unknown}
 q - 4 scrolls of poison {unknown}
 r - a scroll of torment {unknown}
 v - a scroll of enchant armour {unknown}
 y - a scroll of fear {unknown}
 B - a scroll of silence {unknown}
Potions
 a - a potion of lignification
 d - 2 potions of resistance
 f - 2 potions of brilliance
 j - a potion of might {unknown}
 l - a potion of attraction {unknown}
 m - 3 potions of invisibility
 n - a potion of magic
 p - a potion of cancellation
 s - 2 potions of curing {@q1}
 t - 3 potions of heal wounds {@q2}
 u - 2 potions of ambrosia
 w - a potion of experience {unknown}
 x - 2 potions of mutation {unknown}

Dungeon Overview and Level Annotations

Branches:
Dungeon (5/15)             Temple (1/1) D:5           Sewer (visited)
Ossuary (visited)

Altars:
Ashenzari
Cheibriados
Dithmenos
Elyvilon
Fedhas
Gozag
Hepliaklqana
Kikubaaqudgha
Makhleb
Nemelex Xobeh
Okawaru
Ru
Sif Muna
Trog
Uskayaw
Wu Jian
Xom
Yredelemnul
Zin
The Shining One
Ignis

Shops:
D:4

*?== #.# #........#
..## #......#.# ...##
#......#.#
#...####.....(#.####
#.#...##......#....#
#.###.#.........<#.##
#.# #............#..#
#.. ###..........##.#
##.
#.........p##.#######
.
#...................#
.#
#.........o.........#
#..########.........#
#.#########.........#
..........#.########
##..###...# #.
#..o.## .#.#.o###o.#


You could see an orc warrior.


Message History

Unknown command.
The sleepcap attacks as it pursues you! The sleepcap releases spores at you!
* * * LOW HITPOINT WARNING * * *
Unknown command.
You tentacle-slap the sleepcap.
The sleepcap begins to glow.
You grab the sleepcap.
The sleepcap is lightly damaged.
You constrict the sleepcap. The sleepcap closely misses you.
You tentacle-slap the sleepcap but do no damage.
The sleepcap glows dangerously bright.
The sleepcap is lightly damaged.
You constrict the sleepcap, but do no damage.
The sleepcap closely misses you.
You tentacle-slap the sleepcap.
The sleepcap shudders as magic cascades through it!
The sleepcap twists and deforms.
The sleepcap is severely damaged.
You constrict the sleepcap. The orc warrior barely misses you.
The sleepcap completely misses you.
You tentacle-slap the sleepcap.
You destroy the sleepcap!
The orc warrior misses you.
The orc wizard gestures at you while chanting.
The magic dart hits you!
* * * LOW HITPOINT WARNING * * *
Unknown command.
The orc warrior attacks as it pursues you!
The orc warrior hits you from afar with a +0 glaive!
You die...
Your body crumbles into a pile of gold.

Skill      XL: |  1  2  3  4  5  6  7  8 |
---------------+-------------------------+-----
Fighting       | 2 3 4 5 7 |  7.0
Shapeshifting  | 4 5 7 |  7.0
Unarmed Combat | 5 |  5.1
Dodging        | |  2.2

Action                     |  1- 3 |  4- 6 |  7- 9 || total
---------------------------+-------+-------+-------++-------
  Melee: Unarmed           |    68 |    16 |   144 ||   228
         Constrict         |    22 |    24 |    62 ||   108
         Tentacles         |    12 |    18 |    62 ||    92
         Punch             |     5 |     4 |     2 ||    11
         Whip              |       |    96 |    50 ||   146
    Use: Scroll            |       |       |     8 ||     8
   Stab: Sleeping          |     6 |     7 |     3 ||    16
         Distracted        |       |     1 |       ||     1
 Armour: Skin              |    30 |    38 |    88 ||   156
  Dodge: Dodged            |    48 |    54 |   127 ||   229
   Form: Flux              |       |       |     1 ||     1

Levels and vault maps discovered:
D:1:      dpeg_arrival_tiny_a, layout_rooms, shapermc_ecumenical_altar_ellora,
          hangedman_abyss_or_decor_stabs, serial_park_tiny_pond
D:2:      layout_basic
D:3:      minmay_octagon_keep, layout_basic, mainiacjoe_overflow_brackets,
          marbit_many_paths, nicolae_overflow_hallway_of_the_gods,
          nicolae_dithmenos_through_a_glass_darkly, minmay_misc_feat_chi,
          serial_bayou_pond_a
D:4:      layout_loops_ring, mainiacjoe_ossuary_entry_find_the_door,
          serial_shops, shop, shop, nicolae_shop_tiny_real_fake_doors, shop,
          minmay_goblin_outpost, uniq_grinder, uniq_crazy_yiuf_cottage,
          uniq_robin
D:5:      layout_rooms, temple_fountains, ebering_ghost_sewer_f,
          portal_sewer_entry_f, minmay_misc_feat_nine_boxes, roderic_batcave,
          uniq_blork_the_orc, uniq_ijyb
Temple:   pdpol_scorched_temple

Notes
Turn   | Place    | Note
-------+----------+-------------------------------------------
     0 | D:1      | Hatchling the Octopode Shapeshifter began the quest for the
                  | Orb.
     0 | D:1      | Reached XP level 1. HP: 13/13 MP: 1/1
    98 | D:1      | Reached skill level 2 in Fighting
    98 | D:1      | Reached XP level 2. HP: 12/19 MP: 2/2
   442 | D:1      | Reached XP level 3. HP: 25/25 MP: 3/3
   479 | D:1      | Found a faded altar of an unknown god.
   596 | D:2      | Reached skill level 3 in Fighting
  1088 | D:2      | Reached XP level 4. HP: 23/33 MP: 4/4
  1210 | D:2      | Reached skill level 4 in Fighting
  1907 | D:2      | Reached XP level 5. HP: 9/37 MP: 5/5
  2882 | D:3      | Found a burning altar of Makhleb.
  3048 | D:3      | Found a white marble altar of Elyvilon.
  3050 | D:3      | Found a glowing silver altar of Zin.
  3053 | D:3      | Found a hide-covered altar of Uskayaw.
  3053 | D:3      | Found a shimmering altar of Xom.
  3060 | D:3      | Found a snail-covered altar of Cheibriados.
  3327 | D:3      | Found a sparkling altar of Nemelex Xobeh.
  3419 | D:3      | Found a shadowy altar of Dithmenos.
  3583 | D:4      | Found Xiemas's Assorted Antiques.
  3623 | D:4      | Found Tehyell's Magic Scroll Shoppe.
  3698 | D:4      | Found Miqyukog's Jewellery Boutique.
  3763 | D:4      | Noticed an ogre
  3775 | D:4      | Killed an ogre
  3776 | D:4      | Reached skill level 5 in Fighting
  3776 | D:4      | Reached skill level 4 in Shapeshifting
  3776 | D:4      | Reached XP level 6. HP: 45/45 MP: 6/6
  3819 | D:4      | Noticed Grinder
  3826 | D:4      | Killed Grinder
  3827 | D:4      | Reached skill level 5 in Shapeshifting
  3827 | D:4      | Reached XP level 7. HP: 32/50 MP: 7/7
  3891 | D:4      | Found Essastrurr's Jewellery Shoppe.
  3945 | D:4      | Noticed Robin
  3949 | D:4      | Found a sand-covered staircase.
  3969 | Ossuary  | Entered an ossuary
  4004 | Ossuary  | Reached skill level 6 in Shapeshifting
  4280 | Ossuary  | Reached skill level 7 in Shapeshifting
  4280 | Ossuary  | Reached XP level 8. HP: 41/55 MP: 8/8
  4432 | Ossuary  | Identified 2 potions of resistance
  4491 | D:4      | Reached skill level 4 in Unarmed Combat
  4511 | D:4      | Killed Robin
  4933 | D:5      | Entered Level 5 of the Dungeon
  4949 | D:5      | Found a glowing drain.
  4971 | Sewer    | Entered a sewer
  5121 | Sewer    | Reached skill level 6 in Fighting
  5415 | D:5      | Found a staircase to the Ecumenical Temple.
  5422 | D:5      | Reached skill level 5 in Unarmed Combat
  5425 | D:5      | Noticed Ijyb
  5425 | D:5      | Noticed Blork the orc
  5508 | D:5      | Killed Blork the orc
  5658 | D:5      | Killed Ijyb
  5724 | Temple   | Entered the Ecumenical Temple
  5731 | Temple   | Became a worshipper of Gozag Ym Sagoz the Greedy
  5789 | D:5      | Reached skill level 7 in Fighting
  5867 | D:5      | HP: 2/60 [orc wizard/magic dart (7)]
  5871 | D:5      | Mangled by an orc warrior

Vanquished Creatures
  Grinder (D:4)
  2 black bears
  2 ogres (D:4)
  A weeping skull (Ossuary)
  2 brain worms (Sewer)
  Blork the orc (D:5)
  A scorpion (D:5)
  2 burial acolytes (Ossuary)
  2 centaur zombies (Ossuary)
  A human zombie (Ossuary)
  A sleepcap (D:5)
  Ijyb (D:5)
  4 hound zombies (Ossuary)
  2 mummies (Ossuary)
  A hound skeleton (D:4)
  Robin (D:4)
  4 gnolls (D:2)
  8 adders
  3 river rats (Sewer)
  2 adder zombies (D:4)
  4 adder skeletons (D:4)
  2 dart slugs
  6 ribbon worms
  8 orcs
  6 bats
  11 endoplasms
  4 giant cockroaches
  18 goblins
  13 hobgoblins
  8 jackals (D:4)
  5 quokkas
  17 ball pythons
  9 frilled lizards
  2 gnoll zombies (Ossuary)
  6 kobolds
  3 orc zombies (Ossuary)
  8 rats
172 creatures vanquished.

Vanquished Creatures (others)
  An adder (D:5)
1 creature vanquished.

Grand Total: 173 creatures vanquished

Table legend: (Time is in decaauts)
 A = Elapsed time spent in this place.
 B = Non-inter-level travel time spent in this place.
 C = Inter-level travel time spent in this place.
 D = Time resting spent in this place.
 E = Time spent auto-exploring this place.
 F = Levels seen in this place.
 G = Mean time per level.
                   A        B        C        D        E       F      G
               +--------+--------+--------+--------+--------+-----+--------+
         Total |   5870 |   5680 |    190 |   1094 |   3429 |   8 |  733.8 |
       Dungeon |   4933 |   4749 |    184 |   1094 |   2751 |   5 |  986.6 |
        Temple |     13 |      7 |      6 |      0 |      0 |   1 |   13.0 |
         Sewer |    434 |    434 |      0 |      0 |    293 |   1 |  434.0 |
       Ossuary |    489 |    489 |      0 |      0 |    385 |   1 |  489.0 |
               +--------+--------+--------+--------+--------+-----+--------+

Top non-repeatable levels by time:
     D:2: 1780 daAuts
     D:4: 1062 daAuts
     D:3: 1021 daAuts
     D:1: 723 daAuts
 Ossuary: 489 daAuts
   Sewer: 434 daAuts
     D:5: 344 daAuts
  Temple: 13 daAuts

Table legend:
 A = Non-vault XP
 B = Vault XP
 C = Vault XP percentage of total XP
 D = Non-vault monster count
 E = Vault monster count
 F = Vault count percentage of total count
                 A         B        C        D         E       F
            +---------+---------+-------+---------+---------+-------
      Total |     896 |    1285 |  58.9 |      89 |      83 |  48.3
            +---------+---------+-------+---------+---------+-------
        D:1 |      38 |       0 |   0.0 |      23 |       0 |   0.0
        D:2 |     148 |       0 |   0.0 |      25 |       0 |   0.0
        D:3 |      45 |      27 |  37.5 |      15 |      12 |  44.4
        D:4 |     417 |     365 |  46.7 |      22 |      23 |  51.1
        D:5 |     248 |     138 |  35.8 |       4 |       8 |  66.7
      Sewer |       0 |     249 | 100.0 |       0 |      23 | 100.0
    Ossuary |       0 |     506 | 100.0 |       0 |      17 | 100.0
            +---------+---------+-------+---------+---------+-------
